 Dungeon Crawl Stone Soup version 0.30-a0-748-ge6a52f7cba (webtiles) character file.

Game seed: 502653358624789168

531 IdlyInterested the Slasher (level 7, 0/54 HPs)
             Began as a Formicid Monk on Feb 7, 2023.
             Slain by a water moccasin (6 damage)
             ... on level 5 of the Dungeon on Feb 8, 2023.
             The game lasted 00:14:06 (4276 turns).

IdlyInterested the Slasher (Formicid Monk)          Turns: 4276, Time: 00:14:07

Health: 0/54       AC:  9    Str: 16    XL:     7   Next: 48%
Magic:  7/7        EV: 13    Int:  9    God:
Gold:   138        SH:  0    Dex: 18    Spells: 6/6 levels left

rFire   + . .      SeeInvis +    t - +0 long sword
rCold   . . .      Faith    .    (no shield)
rNeg    . . .      Spirit   .    r - +3 leather armour {rF+}
rPois   .          Reflect  .    (helmet unavailable)
rElec   .          Harm     .    (no cloak)
rCorr   .          Rampage  .    i - +2 pair of gloves
Will    .....                    (no boots)
Stlth   +                        (no amulet)
HPRegen 0.29/turn                (no ring)
MPRegen 0.10/turn                (no ring)

@: confused, lethally poisoned (0 -> -8), ambrosia-drunk
A: permanent stasis, dig shafts and tunnels, antennae 3, four strong arms
a: Dig, Shaft Self


You were on level 5 of the Dungeon.
You visited 2 branches of the dungeon, and saw 6 of its levels.

You collected 258 gold pieces.
You spent 120 gold pieces at shops.

Inventory:

Hand Weapons
 a - a +1 falchion
 k - a +1 short sword of speed
 p - the +3 spear of Singing Destruction {holy, rElec rPois Int+5}
   (You found it on level 2 of the Dungeon)

   Int:       It affects your intelligence (+5).
   rElec:     It insulates you from electricity.
   rPois:     It protects you from poison.
 t - a +0 long sword (weapon)
 A - a +0 rapier
 B - a +0 long sword
Missiles
 f - 20 stones (quivered)
 h - 2 throwing nets
 n - 3 poisoned darts
 s - 4 javelins
 v - 2 boomerangs
Armour
 i - a +2 pair of gloves (worn)
 m - a +1 leather armour of cold resistance
 r - a +3 leather armour of fire resistance (worn)
 u - a +0 tower shield
Scrolls
 b - a scroll of enchant weapon
 g - 3 scrolls of identify
 j - 2 scrolls of fog
Potions
 d - 2 potions of attraction
 e - a potion of curing
 l - a potion of might
 o - a potion of flight
 q - a potion of cancellation
 w - 2 potions of mutation


   Skills:
 * Level 4.0 Fighting
 * Level 5.7 Long Blades
 + Level 1.2 Throwing
 - Level 2.0 Armour
 - Level 3.0 Dodging
 - Level 3.0 Stealth
 - Level 5.0 Shields


You had 6 spell levels left.
You didn't know any spells.
Your spell library contained the following spells:

 Spells                   Type           Power      Damage    Failure   Level
 Freeze                   Ice            0%         1d3       45%         1
 Static Discharge         Conj/Air       0%         2-2/arc   58%         2
 Frozen Ramparts          Ice            0%         1d1       83%         3
 Hailstorm                Conj/Ice       0%         3d3       83%         3
 Vhi's Electric Charge    Tloc/Air       0%         N/A       83%         3
 Arcjolt                  Conj/Air       0%         1d10      100%        5
 Lightning Bolt           Conj/Air       0%         1d11      100%        5


Dungeon Overview and Level Annotations

Branches:
Dungeon (5/15)             Temple (1/1) D:5

Altars:
Ashenzari
Dithmenos
Elyvilon
Fedhas
Kikubaaqudgha
Makhleb
Nemelex Xobeh
Okawaru
Ru
Sif Muna
Trog
Wu Jian
Yredelemnul
Zin

Shops:
D:2 (   D:3 [   D:4 (


Innate Abilities, Weirdness & Mutations

You cannot be hasted, slowed, berserked, paralysed or teleported.
You can dig through walls and to a lower floor.
You have a pair of large antennae on your head. (SInv)
Your four strong arms can wield two-handed weapons with a shield.


Message History

The water moccasin is heavily wounded.
You feel very sick. The water moccasin closely misses you.
The water moccasin bites you.
* * * LOW HITPOINT WARNING * * *
You closely miss the water moccasin.
The water moccasin is heavily wounded.
You feel sick.
The water moccasin completely misses you.
The water moccasin barely misses you.
You miss the water moccasin.
The water moccasin is heavily wounded.
You feel sick. The water moccasin bites you!
* * * LOW HITPOINT WARNING * * *
You are lethally poisoned!
The water moccasin poisons you!
You barely miss the water moccasin.
The water moccasin is heavily wounded.
* * * LOW HITPOINT WARNING * * *
You feel very sick.
The water moccasin bites you but does no damage.
The water moccasin misses you.
You feel better. The water moccasin bites you.
* * * LOW HITPOINT WARNING * * *
You are confused.
You feel invigorated.
The water moccasin bites you but does no damage.
The water moccasin bites you.
* * * LOW HITPOINT WARNING * * *
You are lethally poisoned!
The water moccasin poisons you!
You closely miss the water moccasin.
The water moccasin is heavily wounded.
* * * LOW HITPOINT WARNING * * *
You feel very sick. The water moccasin bites you!
* * * LOW HITPOINT WARNING * * *
You're too confused to move!
* * * LOW HITPOINT WARNING * * *
You feel sick. The water moccasin bites you.
You die...

.######........#
...............###
#######........'.#
#........#.#
#........#.#
#........#.#
#........#.#
#........#.# {
#........#@#
#........#S# #.#
... ....# ......{
.....##. ......#
#{{ .......#


You could see a water moccasin.

Vanquished Creatures
  An ice beast (D:4)
  A black bear (D:4)
  A necrophage (D:5)
  A hound (D:5)
  2 orc priests (D:5)
  An iguana (D:5)
  2 orc wizards (D:5)
  3 adders
  2 ufetubi (D:4)
  A worm (D:2)
  2 dart slugs
  12 orcs
  7 ball pythons
  6 bats
  6 endoplasms
  4 goblins
  5 hobgoblins
  7 kobolds
  4 quokkas
  4 frilled lizards
  8 rats
80 creatures vanquished.

Notes
Turn   | Place    | Note
-------+----------+-------------------------------------------
     0 | D:1      | IdlyInterested the Formicid Monk began the quest for the
                  | Orb.
     0 | D:1      | Reached XP level 1. HP: 18/18 MP: 1/1
   127 | D:1      | Reached XP level 2. HP: 24/24 MP: 2/2
   282 | D:1      | Reached skill level 1 in Armour
   441 | D:1      | Reached XP level 3. HP: 29/29 MP: 3/3
   518 | D:1      | Upgraded the game from 0.30-a0-743-gbfdf073431 to
                  | 0.30-a0-748-ge6a52f7cba
  1061 | D:2      | Found Jytaemof's Antique Weapon Shoppe.
  1289 | D:2      | Identified the +3 spear of Singing Destruction {holy, rElec
                  | rPois Int+5}
  1563 | D:2      | Reached XP level 4. HP: 37/37 MP: 4/4
  2404 | D:3      | Found Utez's Antique Armour Shop.
  2486 | D:3      | Bought a glowing leather armour for 120 gold pieces
  2622 | D:4      | Found Iditumov's Weapon Shoppe.
  2708 | D:4      | Noticed an ice beast
  2727 | D:4      | Killed an ice beast
  2728 | D:4      | Reached XP level 5. HP: 40/42 MP: 5/5
  2961 | D:4      | Reached XP level 6. HP: 48/48 MP: 6/6
  3114 | D:4      | Noticed a black bear
  3128 | D:4      | Killed a black bear
  3129 | D:4      | Reached skill level 5 in Long Blades
  3129 | D:4      | Reached skill level 1 in Throwing
  3305 | D:4      | Found a sacrificial altar of Ru.
  3477 | D:5      | Entered Level 5 of the Dungeon
  3657 | D:5      | Reached XP level 7. HP: 32/54 MP: 7/7
  3748 | D:5      | Found a staircase to the Ecumenical Temple.
  3756 | Temple   | Entered the Ecumenical Temple
  4046 | D:5      | Reached skill level 5 in Shields
  4257 | D:5      | Noticed a water moccasin
  4272 | D:5      | HP: 2/54 [poisoned by a water moccasin]
  4276 | D:5      | Slain by a water moccasin

Illustrated notes

Levels and vault maps discovered:
D:1:      minmay_arrival_jagged, layout_loops_ring, nicolae_eternal_life
D:2:      layout_basic, serial_shops, shop, minmay_misc_feat_nine_boxes
D:3:      layout_loops_ring, serial_shops, shop, chequers_serial_rivers_room_a
D:4:      layout_basic, kennysheep_mini_moat, nicolae_take_the_stairs
D:5:      layout_basic, minmay_temple_entry_tees
Temple:   nicolae_temple_figure_eight

Skill      XL: |  1  2  3  4  5  6  7 |
---------------+----------------------+-----
Armour         | 1 2 |  2.0
Long Blades    | 4 5 |  5.7
Dodging        | 3 |  3.0
Fighting       | 4 |  4.0
Stealth        | 3 |  3.0
Shields        | 2 4 5 |  5.0
Throwing       | 1 |  1.2

Action                     |  1- 3 |  4- 6 |  7- 9 || total
---------------------------+-------+-------+-------++-------
  Melee: Falchion          |   109 |     3 |       ||   112
         Punch             |     4 |     2 |       ||     6
         Long sword        |       |    90 |    55 ||   145
  Throw: Stone             |       |     6 |     9 ||    15
         Javelin           |       |       |     3 ||     3
    Use: Scroll            |     9 |     6 |     1 ||    16
         Potion            |       |     1 |     3 ||     4
   Stab: Sleeping          |    16 |     3 |       ||    19
 Armour: Robe              |    16 |       |       ||    16
         Leather armour    |     2 |    43 |    21 ||    66
         Ring mail         |       |    12 |       ||    12
  Dodge: Dodged            |    55 |    84 |    42 ||   181

Table legend: (Time is in decaauts)
 A = Elapsed time spent in this place.
 B = Non-inter-level travel time spent in this place.
 C = Inter-level travel time spent in this place.
 D = Time resting spent in this place.
 E = Time spent auto-exploring this place.
 F = Levels seen in this place.
 G = Mean time per level.
                   A        B        C        D        E       F      G
               +--------+--------+--------+--------+--------+-----+--------+
         Total |   4318 |   3834 |    484 |    282 |   2366 |   6 |  719.7 |
       Dungeon |   4104 |   3630 |    474 |    282 |   2164 |   5 |  820.8 |
        Temple |    213 |    203 |     10 |      0 |    202 |   1 |  213.0 |
               +--------+--------+--------+--------+--------+-----+--------+

Top non-repeatable levels by time:
     D:1: 1009 daAuts
     D:4: 967 daAuts
     D:2: 874 daAuts
     D:3: 731 daAuts
     D:5: 522 daAuts
  Temple: 213 daAuts
